 Dungeon Crawl Stone Soup version 0.28.0-43-g3370ac3207 (webtiles) character file.

Game seed: 17192543026490176005

20 themarg the Charlatan (level 2, -6/20 HPs)
             Began as a Gnoll Wanderer on Mar 19, 2022.
             Killed from afar by Crazy Yiuf (12 damage)
             ... with a puff of flame
             ... on level 2 of the Dungeon.
             The game lasted 00:03:57 (1425 turns).

themarg the Charlatan (Gnoll Wanderer)              Turns: 1425, Time: 00:03:57

Health: -6/20      AC:  7    Str: 12    XL:     2   Next: 79%
Magic:  5/5        EV: 11    Int: 10    God:
Gold:   39         SH:  0    Dex: 11    Spells: 6/6 levels left

rFire   . . .      SeeInvis .   a - +2 hand crossbow
rCold   . . .      Faith    .   (no shield)
rNeg    . . .      Spirit   .   l - +0 ring mail
rPois   .          Reflect  .   (no helmet)
rElec   .          Harm     .   (no cloak)
rCorr   .          Rampage  .   (no gloves)
Will    .....                   d - +0 pair of boots
Stlth   +.........              (no amulet)
HPRegen 0.06/turn               (no ring)
MPRegen 0.09/turn               (no ring)

@: no status effects
A: fangs 1, strong nose, distributed training
a: no special abilities


You were on level 2 of the Dungeon.
You visited 1 branch of the dungeon, and saw 2 of its levels.

You collected 39 gold pieces.

Inventory:

Hand Weapons
 a - a +2 hand crossbow (weapon)
 b - a +0 dagger
 c - a +0 mace
Missiles
 g - 57 stones
 n - 19 bolts (quivered ammo)
Armour
 d - a +0 pair of boots (worn)
 e - a +0 leather armour
 l - a +0 ring mail (worn)
Jewellery
 k - a +6 ring of dexterity
Wands
 o - a wand of digging (3)
Scrolls
 f - a scroll of teleportation {unknown}
 h - a scroll of holy word {unknown}
 i - a scroll of immolation {unknown}
 m - a scroll of vulnerability {unknown}
Potions
 j - a potion of curing {unknown}
 p - a potion of heal wounds {unknown}


   Skills:
 + Level 0.5 Fighting
 + Level 0.5 Short Blades
 + Level 0.5 Long Blades
 + Level 0.5 Axes
 + Level 2.5 Maces & Flails
 + Level 0.5 Polearms
 + Level 0.5 Staves
 + Level 0.5 Slings
 + Level 0.5 Bows
 + Level 4.5 Crossbows
 + Level 0.5 Throwing
 + Level 4.5 Armour
 + Level 4.5 Dodging
 + Level 0.5 Stealth
 + Level 0.5 Shields
 + Level 0.5 Unarmed Combat
 + Level 2.7 Spellcasting
 + Level 0.3 Conjurations
 + Level 0.3 Hexes
 + Level 0.3 Summonings
 + Level 0.3 Necromancy
 + Level 0.3 Translocations
 + Level 0.3 Transmutations
 + Level 0.3 Fire Magic
 + Level 0.3 Ice Magic
 + Level 0.3 Air Magic
 + Level 0.3 Earth Magic
 + Level 0.3 Poison Magic
 + Level 0.6 Invocations
 + Level 4.5 Evocations


You had 6 spell levels left.
You didn't know any spells.
Your spell library was empty.

Dungeon Overview and Level Annotations

Branches:
Dungeon (2/15)

Altars:

Annotations:
D:2 Crazy Yiuf


Innate Abilities, Weirdness & Mutations

You have very sharp teeth.
Your uncanny sense of smell can sniff out nearby items.
Your experience applies equally to all skills.


Message History

The goblin hits you but does no damage.
You closely miss the goblin. You bite the goblin.
The goblin is severely wounded.
The goblin hits you but does no damage.
You closely miss the goblin. Your bite misses the goblin.
The goblin is severely wounded.
The goblin barely misses you.
You hit the goblin.
You kill the goblin!
Things that are here:
a +0 club; a goblin corpse
n - 19 bolts (gained 1)
n - 20 bolts (gained 1) HP restored.
Things that are here:
a +0 club; a goblin corpse You see here a rat corpse.
You see here a +0 ring mail.
You see here a +0 chain mail.
You see here a +0 hand axe.
There is a stone staircase leading up here.
Found 18 arrows.
You see here 18 arrows.
You see here 18 arrows.
Crazy Yiuf shouts!
a - a +2 hand crossbow (weapon)
You open the door.
Fire: 20 bolts
Press: ? - help, Q - select action, (/) - cycle Shift-Dir - straight line, f - Crazy Yiuf
Aim: Crazy Yiuf, wielding a +2 quarterstaff of chaos, wearing a +0 cloak and carrying a wand of flame (21) (68% to hit)
You shoot a bolt. The bolt barely misses Crazy Yiuf.
Crazy Yiuf barely misses you.
Crazy Yiuf hits you with a +2 quarterstaff of chaos!
Crazy Yiuf zaps a wand.
The puff of flame hits you but does no damage.
Crazy Yiuf zaps a wand.
The puff of flame hits you.
* * * LOW HITPOINT WARNING * * *
Crazy Yiuf zaps a wand.
The puff of flame hits you!
Ouch! That really hurt!
You die...

######## ♣♣.♣♣
##.# ♣♣...♣ #.#
♣....♣ #.# #....#
#.# #....####.#
#g..###.#.# #..##
#.#.# ##g#####.#.#
#......@..<#
#.##.#####.#
#.##.# #.# #.##.#
#.# ##.##.#####.#
##...........#####
#................#
##.............#.#
###.#.##.....#.#.#


You could see Crazy Yiuf.

Vanquished Creatures
  A giant cockroach (D:1)
  A goblin (D:2)
  3 hobgoblins
  A quokka (D:2)
  2 ball pythons (D:1)
  3 bats
  A frilled lizard (D:1)
  3 kobolds
  5 rats
20 creatures vanquished.

Notes
Turn   | Place    | Note
-------+----------+-------------------------------------------
     0 | D:1      | themarg the Gnoll Wanderer began the quest for the Orb.
     0 | D:1      | themarg set off with the following items: a +2 hand
                  | crossbow, 26 bolts, a +0 mace, a +0 pair of boots, a +0
                  | leather armour
     0 | D:1      | Reached XP level 1. HP: 13/13 MP: 4/4
   331 | D:1      | Reached XP level 2. HP: 19/19 MP: 5/5
   725 | D:2      | Found a runed translucent door.
   726 | D:2      | Noticed Crazy Yiuf
  1425 | D:2      | Killed from afar by Crazy Yiuf

Illustrated notes

Levels and vault maps discovered:
D:1:      kennysheep_arrival_forest, layout_loops_ring
D:2:      layout_loops_ring, hex_tiny, uniq_crazy_yiuf_cottage

Action                   || total
-------------------------++-------
Melee: Hand crossbow     ||     9
       Dagger            ||     9
       Bite              ||     2
       Punch             ||     1
 Fire: Hand crossbow     ||    47
Armor: Leather armour    ||    10
       Ring mail         ||    13
Dodge: Dodged            ||    29
